 Dungeon Crawl Stone Soup version 0.27.1-33-g824d729ab1 (webtiles) character file.

Game seed: 1013941501035255473

4167 zeram the Covert (level 10, -6/46 HPs)
             Began as a Spriggan Brigand on Nov 25, 2021.
             Was an Initiate of Gozag.
             Mangled by a hornet (7 damage)
             ... while paralysed by a hornet
             ... on level 8 of the Dungeon.
             The game lasted 00:24:05 (13894 turns).

zeram the Covert (Spriggan Brigand)                Turns: 13894, Time: 00:24:06

Health: -6/46      AC:  6    Str:  7    XL:     10   Next: 7%
Magic:  21/21      EV:  4    Int: 16    God:    Gozag
Gold:   1554       SH:  0    Dex: 17    Spells: 17/23 levels left

rFire    . . .     SeeInvis +   a - +4 dagger
rCold    . . .     Faith    .   (shield restricted)
rNeg     . . .     Spirit   .   d - +2 robe "Sualuutz" {Slay+2}
rPois    .         Reflect  .   (helmet restricted)
rElec    .         Harm     .   c - +1 cloak
rCorr    .         Rampage  .   (gloves unavailable)
Will     +....                  (boots unavailable)
Stlth    +++++.....             (no amulet)
HPRegen  0.15/turn              (no ring)
MPRegen  0.17/turn              (no ring)

@: paralysed, lethally poisoned (-6 -> -36), slowed, very quick
A: very small, no large weapons, unfitting armour, see invisible, speed 3
a: Renounce Religion, Potion Petition, Call Merchant, Bribe Branch


You were on level 8 of the Dungeon.
You worshipped Gozag.
Gozag was most pleased with you.
You visited 1 branch of the dungeon, and saw 9 of its levels.

You collected 1591 gold pieces.
You paid 37 gold pieces to Gozag.

Inventory:

Hand Weapons
 a - a +4 dagger (weapon)
Missiles
 b - 11 poisoned darts (quivered)
Armour
 c - a +1 cloak (worn)
 d - the +2 robe "Sualuutz" (worn) {Slay+2}
   (You acquired it on level 4 of the Dungeon)

   Slay:      It affects your accuracy & damage with ranged weapons and melee
   (+2).
Wands
 j - a wand of charming (19)
Scrolls
 f - 2 scrolls of blinking
 g - a scroll of fear
 i - 3 scrolls of teleportation
 k - a scroll of silence
 o - 2 scrolls of magic mapping
 q - 3 scrolls of identify
Potions
 h - a potion of attraction
 m - 2 potions of brilliance
 n - a potion of heal wounds
 s - a potion of mutation
 t - a potion of curing


   Skills:
 - Level 1.5 Fighting
 + Level 8.9 Short Blades
 - Level 2.0 Throwing
 + Level 7.7 Dodging
 + Level 13.0 Stealth
 * Level 7.0 Spellcasting
 * Level 5.1 Hexes


You had 17 spell levels left.
You knew the following spells:

 Your Spells              Type           Power      Damage    Failure   Level
a - Invisibility          Hex            11%        N/A       92%         6

Your spell library contained the following spells:

 Spells                   Type           Power      Damage    Failure   Level
 Passwall                 Tmut/Erth      4%         N/A       19%         2
 Frozen Ramparts          Ice            10%        1d3       36%         3
 Swiftness                Air            5%         N/A       36%         3
 Ice Form                 Ice/Tmut       5%         N/A       77%         4
 Summon Ice Beast         Ice/Summ       5%         N/A       77%         4


Dungeon Overview and Level Annotations

Branches:
Dungeon (9/15)             Temple (0/1) D:7
   Lair: D:8-11         Orc: D:9-12

Altars:
Ashenzari
Dithmenos
Elyvilon
Gozag
Hepliaklqana
Okawaru
Sif Muna
Zin

Shops:
D:2 [

Annotations:
D:6 3 runed translucent doors, riftmaster1123's ghost, novice DrIE
D:9 Erica


Innate Abilities, Weirdness & Mutations

You are very small and have problems with some larger weapons.
You are too small for most types of armour.
You have supernaturally acute eyesight. (SInv)
You cover ground extremely quickly. (Speed+++)


Message History

Press: ? - help, Q - select action, (/) - cycle Shift-Dir - straight line, f/p - hornet
Aim: a hornet (heavily wounded, 50% to hit)
You throw a poisoned dart. The poisoned dart hits the hornet.
The hornet is poisoned.
The hornet is heavily wounded.
The hornet barely misses you. The hornet misses you.
Throw: 12 darts (poison)
Press: ? - help, Q - select action, (/) - cycle Shift-Dir - straight line, f/p - hornet
Aim: a hornet (severely wounded, poisoned, 50% to hit)
You throw a poisoned dart. The poisoned dart misses the hornet.
The hornet stings you!
You feel yourself slow down.
Unknown command.
You closely miss the hornet.
The hornet is severely wounded.
The hornet completely misses you.
You closely miss the hornet.
The hornet is severely wounded.
The hornet stings you but does no damage.
The hornet completely misses you.
You miss the hornet.
The hornet is severely wounded.
The hornet misses you.
You miss the hornet.
The hornet is severely wounded.
You feel yourself speed up. The hornet stings you.
You are poisoned.
You suddenly lose the ability to move!
You feel very sick. The hornet stings you!
You are lethally poisoned!
You shrug off the repeated paralysis!
The hornet stings you.
* * * LOW HITPOINT WARNING * * *
You are more poisoned.
You feel yourself slow down.
* * * LOW HITPOINT WARNING * * *
You feel extremely sick.
The hornet looks more healthy.
The hornet stings you!
You die...
Your body crumbles into a pile of gold.

.'...# ####..#####......
##...# #................
.#...# #.###..####.#####
.#.###
#####.####.#.........
.#'#####
#.......##...##.#####
...)..)#
#.......'.#..##......
.......#
#.......#.#..##..#...
.......#
##.######.#..#...#.##
########
#...@y.....(.#...#.##
#....#
##'###....##.....#.##
#.##.#
#)..##....##.#...#.##
#..#.#
#♣8♣#####............
##.#.#
###############.......##
..<#.# #.........#
####...##### #.##.#
#.#####.#.# #...........
.....# #.#.....#.#
#.##........ #.####
#.#.#####.###.##..>.....


You could see a hornet.

Vanquished Creatures
  The ghost of Daunt the Spear-Bearer, a novice MfAK of Lugonu (D:8)
  6 yaks (D:8)
  Edmund (D:4)
  2 sky beasts (D:6)
  An orc warrior (D:5)
  3 ice beasts (D:7)
  2 necrophages (D:8)
  2 ogres (D:6)
  2 centaurs
  A phantom (D:4)
  A gnoll sergeant (D:4)
  3 scorpions
  A water moccasin zombie (D:4)
  A wyvern skeleton (D:7)
  4 killer bees (D:8)
  2 howler monkeys
  A centaur zombie (D:8)
  A bullfrog zombie (D:6)
  3 jellies
  A hound (D:7)
  3 orc priests
  A bullfrog skeleton (D:5)
  A gnoll shaman (D:6)
  3 iguanas
  3 orc wizards
  A scorpion zombie (D:5)
  A killer bee zombie (D:8)
  A hound skeleton (D:5)
  A howler monkey skeleton (D:5)
  24 gnolls
  5 adders
  A shadow imp (D:7)
  A white imp (D:5)
  3 ufetubi
  A worm (D:3)
  A dart slug (D:3)
  18 orcs
  8 endoplasms
  5 giant cockroaches
  8 goblins
  10 hobgoblins
  2 jackals (D:2)
  9 kobolds
  2 quokkas
  6 ball pythons
  3 bats
  9 frilled lizards
  5 rats (D:1)
175 creatures vanquished.

Vanquished Creatures (others)
  5 plants
5 creatures vanquished.

Grand Total: 180 creatures vanquished

Notes
Turn   | Place    | Note
-------+----------+-------------------------------------------
     0 | D:1      | zeram the Spriggan Brigand began the quest for the Orb.
     0 | D:1      | Reached XP level 1. HP: 10/10 MP: 2/2
    10 | D:1      | Reached skill level 6 in Stealth
   533 | D:1      | Reached XP level 2. HP: 13/14 MP: 3/3
   961 | D:1      | Reached skill level 7 in Stealth
  1745 | D:1      | Reached XP level 3. HP: 16/18 MP: 4/4
  2132 | D:2      | Found Zifo's Armour Emporium.
  3291 | D:3      | Found a white marble altar of Elyvilon.
  3413 | D:3      | Found a glowing silver altar of Zin.
  3413 | D:3      | Found an opulent altar of Gozag.
  3562 | D:3      | Became a worshipper of Gozag Ym Sagoz the Greedy
  3573 | D:4      | Noticed a scorpion
  3574 | D:4      | Killed a scorpion
  3575 | D:4      | Reached skill level 1 in Spellcasting
  3575 | D:4      | Reached XP level 4. HP: 22/22 MP: 5/7
  3683 | D:3      | Reached XP level 5. HP: 21/25 MP: 8/8
  3966 | D:4      | Reached skill level 8 in Stealth
  4179 | D:4      | Noticed Edmund
  4808 | D:4      | Killed Edmund
  4809 | D:4      | Reached XP level 6. HP: 17/30 MP: 8/10
  4954 | D:4      | Found a shimmering blue altar of Sif Muna.
  5638 | D:4      | Reached skill level 9 in Stealth
  5716 | D:4      | HP: 1/30 [water moccasin zombie (4)]
  6147 | D:4      | Reached XP level 7. HP: 11/33 MP: 12/12
  6362 | D:4      | Identified a scroll of acquirement
  6362 | D:4      | Acquired the +2 robe "Sualuutz" {Slay+2}
  6737 | D:5      | Entered Level 5 of the Dungeon
  6807 | D:5      | Reached skill level 5 in Short Blades
  6828 | D:5      | Learned a level 6 spell: Invisibility
  6904 | D:5      | Reached skill level 10 in Stealth
  8532 | D:5      | Reached XP level 8. HP: 29/37 MP: 15/15
  8815 | D:6      | Reached skill level 1 in Hexes
  8861 | D:6      | Reached skill level 5 in Dodging
  9001 | D:6      | Reached skill level 11 in Stealth
  9493 | D:6      | Reached skill level 5 in Spellcasting
  9516 | D:6      | HP: 1/37 [gnoll (12)]
  9838 | D:6      | Found a runed translucent gate.
  9839 | D:6      | Found a runed translucent gate.
  9840 | D:6      | Found a runed translucent gate.
  9842 | D:6      | Noticed riftmaster1123's ghost (novice DrIE)
  9847 | D:6      | Noticed a kobold demonologist
 10348 | D:7      | Found an iron altar of Okawaru.
 10908 | D:7      | Found a broken altar of Ashenzari.
 10910 | D:7      | Found a shadowy altar of Dithmenos.
 11107 | D:7      | Found a hazy altar of Hepliaklqana.
 11255 | D:7      | Reached XP level 9. HP: 33/41 MP: 18/18
 11313 | D:7      | Found a staircase to the Ecumenical Temple.
 11941 | D:8      | Reached skill level 12 in Stealth
 12323 | D:8      | Found a runed translucent door.
 12323 | D:8      | Noticed Daunt's ghost (novice MfAK)
 13820 | D:8      | Killed Daunt's ghost
 13821 | D:8      | Reached skill level 13 in Stealth
 13821 | D:8      | Reached skill level 5 in Hexes
 13821 | D:8      | Reached XP level 10. HP: 46/46 MP: 21/21
 13841 | D:9      | Noticed Erica
 13892 | D:8      | Paralysed by a hornet for 3 turns
 13894 | D:8      | HP: 1/46 [poisoned by a hornet]
 13894 | D:8      | Mangled by a hornet

Illustrated notes

Levels and vault maps discovered:
D:1:      amcnicky_arrival_double_pillar, layout_basic, serial_bayou_ford_a,
          hangedman_decor_push
D:2:      layout_loops_ring, serial_shops, nicolae_shop_statue_plus
D:3:      layout_basic, grunt_temple_overflow_gold_and_silver, elyvilon_altar_4,
          skrybe_limestone_x
D:4:      layout_rooms, amcnicky_altar_gilded, lightli_minifort, uniq_edmund
D:5:      layout_gridville
D:6:      layout_basic, gammafunk_ghost_nasty_kobolds
D:7:      layout_cave_pools, mainiacjoe_overflow_24_doors,
          mainiacjoe_overflow_tiny_flanked, jmf_multi_god_temple,
          minmay_temple_entry_glassed_door
D:8:      layout_basic, gammafunk_ghost_grave
D:9:      layout_long_grid, roderic_serpentine_path, uniq_grum, uniq_erica

Skill      XL: |  1  2  3  4  5  6  7  8  9 |
---------------+----------------------------+-----
Stealth        | 6 7 8 9 10 11 13 | 13.0
Short Blades   | 3 4 5 7 8 |  8.9
Dodging        | 2 3 4 6 7 |  7.7
Spellcasting   | 1 2 3 4 5 7 |  7.0
Hexes          | 3 5 |  5.1
Fighting       | |  1.5
Throwing       | |  2.0

Action                   |  1- 3 |  4- 6 |  7- 9 | 10-12 || total
-------------------------+-------+-------+-------+-------++-------
Melee: Dagger            |   171 |   131 |   594 |    22 ||   918
Throw: Dart              |     9 |    21 |    36 |     3 ||    69
       Throwing net      |       |       |     1 |       ||     1
  Use: Scroll            |     8 |     1 |     7 |       ||    16
       Potion            |       |     7 |     2 |     2 ||    11
 Stab: Sleeping          |    13 |     8 |    17 |       ||    38
       Distracted        |       |     1 |     2 |       ||     3
       Invisible         |       |       |     4 |       ||     4
       Held in net/web   |       |       |     1 |       ||     1
Armor: Robe              |    18 |     9 |    57 |     7 ||    91
Dodge: Dodged            |    82 |    80 |   330 |    25 ||   517
